 Dungeon Crawl Stone Soup version 0.30.0-29-ga12c61a403 (webtiles) character file.

Game seed: 2169900905596088859

150 qw the Chopper (level 5, -5/32 HPs)
             Began as a Gargoyle Fighter on June 3, 2023.
             Slain by a wight
             ... wielding a +4 war axe of freezing
              (8 damage)
             ... in a sewer.
             The game lasted 00:01:07 (1921 turns).

qw the Chopper (Gargoyle Fighter)                   Turns: 1921, Time: 00:01:07

Health: -5/32      AC: 15    Str: 22    XL:     5   Next: 32%
Magic:  5/5        EV:  8    Int:  8    God:
Gold:   33         SH:  4    Dex:  9    Spells: 4/4 levels left

rFire   + . .        Y - +0 war axe
rCold   . . .        c - +0 buckler
rNeg    + . .        m - +0 chain mail
rPois   inf          a - +0 helmet
rElec   +            (no cloak)
rCorr   .            (no gloves)
SInv    .            j - +0 pair of boots
Will    .....        (no amulet) Stlth
                     k - ring of protection from fire
HPRegen 0.25/turn    (no ring)
MPRegen 0.09/turn

%: no passive effects
@: about to teleport
A: sickness immunity, AC +4, negative energy resistance 1, electricity
resistance, torment resistance 1, petrification resistance
a: no special abilities


You were in a sewer.
You visited 1 branch of the dungeon, and saw 3 of its levels.
You also visited: Sewer.

You collected 93 gold pieces.
You spent 60 gold pieces at shops.


Innate Abilities, Weirdness & Mutations

You are immune to sickness and miasma.
Your stone body is resilient. (AC +4)
You are immune to poison.
You resist negative energy. (rN+)
You are resistant to electric shocks. (rElec)
You are resistant to unholy torment.
You are immune to petrification.


   Skills:
 - Level 3.2 Fighting
 + Level 4.9 Axes
 - Level 3.2 Armour
 - Level 3.2 Shields


You had 4 spell levels left.
You didn't know any spells.
Your spell library was empty.

Inventory:

Hand Weapons
 e - a +0 whip
 Y - a +0 war axe (weapon)
Armour
 a - a +0 helmet (worn)
 c - a +0 buckler (worn)
 j - a +0 pair of boots (worn)
 m - a +0 chain mail (worn)
Jewellery
 k - a ring of protection from fire (left hand)
Scrolls
 f - a scroll of identify
 h - a scroll of teleportation
Potions
 b - a potion of degeneration {unknown}
 d - a potion of might
 n - a potion of cancellation {unknown}
 o - a potion of curing {unknown}
 p - a potion of heal wounds {unknown}

Dungeon Overview and Level Annotations

Branches:
Dungeon (3/15)              Sewer (1/1)

Altars:

Shops:
D:2 *

Annotations:
Sewer Grinder


Message History

The shadow imp hits you but does no damage.
The kobold closely misses you.
You slash the shadow imp!
The shadow imp is almost dead.
You closely miss the kobold. You slash the kobold!
You kill the kobold!
The shadow imp gestures at you.
You barely resist.
Grinder comes into view.
The kobold barely misses you.
The shadow imp hits you but does no damage.
The wight barely misses you.
Grinder shouts!
You slash the shadow imp!
You kill the shadow imp!
You closely miss the kobold. You hit the wight but do no damage.
The wight barely misses you. The kobold barely misses you.
The kobold hits you but does no damage.
You barely miss the wight. You completely miss the kobold.
You closely miss the kobold.
The wight hits you with a +4 war axe of freezing!
The wight freezes you. The kobold hits you but does no damage.
You slash the wight!
The wight is heavily damaged.
You closely miss the kobold. You slash the kobold!
You kill the kobold!
The kobold hits you but does no damage. The wight hits you but does no damage.
You hit the wight.
The wight is severely damaged.
You hit the wight. You hit the kobold but do no damage.
The wight hits you with a +4 war axe of freezing.
The wight freezes you. The wight hits you with a +1 mace!
The kobold hits you but does no damage. The wight hits you but does no damage.
Grinder blinks!
The wight closely misses you.
1921 ||| READING 2 scrolls of teleportation.
As you read the scroll of teleportation, it crumbles to dust.
You feel strangely unstable. The wight hits you but does no damage.
The wight hits you with a +4 war axe of freezing!
You die...

~~~~~~~~~~~.+
~~~~~~~~~~~.# ..~#
~~~~~~~~~~~.#.~ ..~#
~~~~~~~~~~~.#.~~ ...~#
~~~~~~~~~~..#.~~# '''##
~~~~~~~~....#..~# .....#
##~##~###.####.###KZ}...
..........~~#...#KKW..}5
%....)...~~~~...@zKKZ...
..........~~#...#zKĀ¤..}.
~#~~###~#.####.###..}...
~~~~~~~~~)..#.~~# .....#
~~~~~~~~~~..#.~~# '''##
~~~~~~~~~~~.#.~~# ...~#
~~~~~~~~~~~.#.~~# ..~#
~~~~~~~~~~~.#..~# ..~#
~~~~~~~~~.'.~~#


You could see Grinder, a phantom, 2 wights, an adder zombie, a kobold zombie and
6 kobolds.

Vanquished Creatures
  Robin (D:2)
  An adder (D:2)
  A river rat (D:3)
  4 shadow imps (Sewer)
  2 ufetubi (Sewer)
  3 worms
  3 dart slugs (D:1)
  5 ball pythons
  7 bats
  2 endoplasms
  5 giant cockroaches
  12 goblins
  4 hobgoblins
  9 kobolds
  2 quokkas (D:1)
  A frilled lizard (D:1)
  A kobold zombie (Sewer)
  4 rats
67 creatures vanquished.

Notes
Turn   | Place    | Note
-------+----------+-------------------------------------------
     0 | D:1      | qw the Gargoyle Fighter began the quest for the Orb.
     0 | D:1      | Reached XP level 1. HP: 14/14 MP: 1/1
     0 | D:1      | 0 ||| qw: Version: 0.2-a-103-g3a7daa1
     0 | D:1      | 0 ||| qw: Game counter: 958
     0 | D:1      | 0 ||| qw: Always use a shield: true
     0 | D:1      | 0 ||| qw: God list: Okawaru
     0 | D:1      | 0 ||| qw: Allow faded altars: false
     0 | D:1      | 0 ||| qw: Do Orc after D:15 true
     0 | D:1      | 0 ||| qw: Do second Lair branch before Depths: true
     0 | D:1      | 0 ||| qw: Lair rune preference: random
     0 | D:1      | 0 ||| qw: Plans: Normal, Zot:1-4, Slime:5, God:TSO, Crypt,
                  | Tomb, Pan, Hells, Abyss, Win
     0 | D:1      | 0 ||| PLANNING D:1-11
    85 | D:1      | 85 ||| Stepping ~*~*~tactically~*~*~ (hiding).
    93 | D:1      | Reached skill level 2 in Axes
   198 | D:1      | 198 ||| Stepping ~*~*~tactically~*~*~ (hiding).
   205 | D:1      | Reached XP level 2. HP: 19/19 MP: 2/2
   645 | D:1      | 645 ||| Stepping ~*~*~tactically~*~*~ (hiding).
   701 | D:1      | Reached skill level 3 in Axes
   720 | D:1      | Reached XP level 3. HP: 23/23 MP: 3/3
   798 | D:1      | 798 ||| Stepping ~*~*~tactically~*~*~ (stealth).
   919 | D:1      | 919 ||| DROPPING scarf of shadows.
   920 | D:1      | 920 ||| UPGRADING to +0 pair of boots.
   925 | D:1      | 925 ||| READING scroll labelled OMEPAENESS.
   926 | D:1      | 926 ||| READING scroll labelled YGGELY ITENUURCH.
   927 | D:1      | 927 ||| READING scroll labelled SYIXOA EN PEKH.
   931 | D:1      | 931 ||| READING scroll labelled UKOCWAU SYSOA.
  1147 | D:2      | 1147 ||| Stepping ~*~*~tactically~*~*~ (stealth).
  1151 | D:2      | Noticed Robin
  1152 | D:2      | 1152 ||| Stepping ~*~*~tactically~*~*~ (hiding).
  1153 | D:2      | 1153 ||| Stepping ~*~*~tactically~*~*~ (hiding).
  1166 | D:2      | Reached XP level 4. HP: 23/28 MP: 4/4
  1166 | D:2      | Killed Robin
  1168 | D:2      | Reached skill level 4 in Axes
  1173 | D:2      | 1173 ||| FLEEEEING.
  1174 | D:2      | 1174 ||| FLEEEEING.
  1175 | D:2      | 1175 ||| FLEEEEING.
  1176 | D:2      | 1176 ||| FLEEEEING.
  1177 | D:2      | 1177 ||| FLEEEEING.
  1178 | D:2      | 1178 ||| FLEEEEING.
  1179 | D:2      | 1179 ||| FLEEEEING.
  1180 | D:2      | 1180 ||| FLEEEEING.
  1181 | D:2      | 1181 ||| FLEEEEING.
  1231 | D:2      | 1231 ||| Stepping ~*~*~tactically~*~*~ (stealth).
  1436 | D:2      | Found Etry's Assorted Antiques.
  1445 | D:2      | 1445 ||| SHOPLISTING cloak (103 gold, have 93).
  1445 | D:2      | 1445 ||| BUYING lumpy blue potion (20 gold).
  1445 | D:2      | Bought a lumpy blue potion for 20 gold pieces
  1445 | D:2      | 1445 ||| SHOPLISTING ring of protection from fire (575
                  | gold, have 73).
  1445 | D:2      | 1445 ||| BUYING ruby potion (20 gold).
  1445 | D:2      | Bought a ruby potion for 20 gold pieces
  1445 | D:2      | 1445 ||| BUYING smoky pink potion (20 gold).
  1445 | D:2      | Bought a smoky pink potion for 20 gold pieces
  1515 | D:2      | 1515 ||| UPGRADING to +0 helmet.
  1520 | D:2      | 1520 ||| UPGRADING to +0 chain mail.
  1530 | D:2      | 1530 ||| DROPPING +0 scale mail.
  1531 | D:2      | 1531 ||| UPGRADING to ring of protection from fire.
  1532 | D:2      | 1532 ||| READING scroll labelled KUAHUT QETTAV.
  1533 | D:2      | 1533 ||| READING scroll labelled JEASISHO CIQYCW.
  1634 | D:2      | 1634 ||| READING 2 scrolls of identify.
  1634 | D:2      | 1634 ||| IDENTIFYING fuming inky potion
  1635 | D:2      | 1635 ||| DROPPING potion of brilliance.
  1648 | D:3      | 1648 ||| PLANNING SEWER
  1670 | D:3      | Found a glowing drain.
  1739 | Sewer    | Entered a sewer
  1851 | Sewer    | Reached XP level 5. HP: 32/32 MP: 5/5
  1905 | Sewer    | Found an ancient bone altar of Kikubaaqudgha.
  1909 | Sewer    | Noticed a phantom
  1916 | Sewer    | Noticed Grinder
  1920 | Sewer    | HP: 3/32 [wight/+1 mace (9)]
  1921 | Sewer    | 1921 ||| READING 2 scrolls of teleportation.
  1921 | Sewer    | Slain by a wight

Levels and vault maps discovered:
D:1:      dpeg_arrival_tiny_i, layout_loops_ring, minmay_misc_feat_encased,
          fountainhead
D:2:      layout_rooms, serial_shops, nicolae_lakefront_shop, uniq_robin
D:3:      minmay_goblin_kobold_castle, layout_loops_cross,
          gammafunk_temple_overflow_statue, ebering_ghost_rock_garden,
          cheibrodos_sewer_entry_sluice
Sewer:    kennysheep_sewer_church

Skill      XL: |  1  2  3  4 |
---------------+-------------+-----
Axes           | 2 3 4 |  4.9
Fighting       | |  3.2
Armour         | |  3.2
Shields        | |  3.2

Action                     |  1- 3 |  4- 6 || total
---------------------------+-------+-------++-------
  Melee: War axe           |    95 |    98 ||   193
    Use: Scroll            |     4 |     4 ||     8
 Armour: Scale mail        |    44 |    13 ||    57
         Chain mail        |       |    56 ||    56
  Dodge: Dodged            |    44 |    42 ||    86
  Block: Buckler           |    19 |    14 ||    33

Table legend:
 A = Non-vault XP
 B = Vault XP
 C = Vault XP percentage of total XP
 D = Non-vault monster count
 E = Vault monster count
 F = Vault count percentage of total count
                 A         B        C        D         E       F
            +---------+---------+-------+---------+---------+-------
      Total |      81 |     134 |  62.3 |      34 |      33 |  49.3
            +---------+---------+-------+---------+---------+-------
        D:1 |      41 |       0 |   0.0 |      20 |       0 |   0.0
        D:2 |      38 |      35 |  47.9 |      13 |      11 |  45.8
        D:3 |       2 |      19 |  90.5 |       1 |       3 |  75.0
      Sewer |       0 |      80 | 100.0 |       0 |      19 | 100.0
            +---------+---------+-------+---------+---------+-------
